 Dungeon Crawl Stone Soup version 0.21.1-1-g345015fe64 (webtiles) character file.

92 literoy the Cudgeler (level 4, -1/44 HPs)
             Began as a Troll Berserker on Apr 22, 2018.
             Was a Believer of Trog.
             Slain by an orc (3 damage)
             ... on level 4 of the Dungeon.
             The game lasted 00:21:41 (2676 turns).

literoy the Cudgeler (Troll Berserker)              Turns: 2676, Time: 00:21:41

Health: -1/44      AC:  5    Str: 26    XL:     4   Next: 35%
Magic:  3/3        EV: 10    Int:  3    God:    Trog [**....]
Gold:   144        SH:  0    Dex:  9    Spells: 3/3 levels left

rFire    . . .     SeeInvis .   x - -3 quarterstaff (curse)
rCold    . . .     Gourm    +   (shield currently unavailable)
rNeg     . . .     Faith    .   b - +0 animal skin
rPois    .         Spirit   .   (helmet restricted)
rElec    .         Reflect  .   (no cloak)
rCorr    .         Harm     +   (gloves unavailable)
MR       .....                  (boots unavailable)
Stlth    +.........             s - amulet of harm
HPRegen  0.54/turn              (no ring)
MPRegen  0.08/turn              (no ring)

@: no status effects
A: large, unfitting armour, claws 3, fast metabolism 3, gourmand, regeneration
1, shaggy fur 1, tough skin 2
a: Berserk, Trog's Hand, Burn Spellbooks, Renounce Religion


You were on level 4 of the Dungeon.
You worshipped Trog.
Trog was pleased with you.
You were very hungry.

You visited 1 branch of the dungeon, and saw 4 of its levels.

You collected 144 gold pieces.

Inventory:

Hand Weapons
 a - a +0 mace
 f - a +0 spear
 i - a +0 club
 n - a +0 dagger
 p - a +0 hand axe
 r - a +0 short sword
 x - a cursed -3 quarterstaff (weapon)
 y - a +0 mace of draining
 C - a +0 falchion
Missiles
 t - 44 stones (quivered)
 B - 24 bolts
Armour
 b - a +0 animal skin (worn)
 h - a +0 pair of boots
 k - a +0 robe
 l - a +0 ring mail
 m - a +0 leather armour
 q - a +0 leather armour
 v - a +0 robe
 z - a +0 pair of gloves
Jewellery
 s - an amulet of harm (around neck)
 A - a cursed ring of loudness {unknown}
Scrolls
 d - 4 scrolls of identify
 g - a scroll of fog
Potions
 e - a potion of ambrosia {unknown}
 j - a potion of agility {unknown}
 o - a potion of curing {unknown}
 u - 2 potions of might {unknown}
 w - 2 potions of brilliance {unknown}
Comestibles
 c - 4 rations


   Skills:
 + Level 2.7 Fighting
 + Level 3.7 Maces & Flails
 + Level 0.1(2.0) Staves
 + Level 3.2 Dodging
 + Level 0.2 Stealth


You had 3 spell levels left.
You didn't know any spells.

Dungeon Overview and Level Annotations

Branches:
Dungeon (4/15)
 Temple: D:4-7

Altars:
Nemelex Xobeh


Innate Abilities, Weirdness & Mutations

You are too large for most types of armour.
You have claws for hands.
Your metabolism is lightning-fast.
You like to eat raw meat.
Your natural rate of healing is unusually fast.
You are covered in fur. (AC +1)
You have very tough skin. (AC +2)


Message History

Deactivating autopickup; reactivate with Ctrl-A.
The orc priest hits you with a club!
You sock the orc priest!
The orc priest is almost dead.
The orc priest closely misses you.
You barely miss the orc priest.
The orc priest is almost dead.
The orc closely misses you. The orc priest hits you with a club.
You barely miss the orc priest.
The orc priest is almost dead.
The orc hits you with a war axe. The orc hits you.
The orc priest calls down the wrath of Beogh upon you.
Beogh smites you!
* * * LOW HITPOINT WARNING * * *
You barely miss the orc priest.
The orc priest is almost dead.
The orc hits you with a war axe.
* * * LOW HITPOINT WARNING * * *
The orc hits you.
You die...

#.# #.# #.##
#.<# ##.# #
#.####.#
#....#.###
#....o...#.#
#...@......#
#...o.o...##
#######.....
(##. .# .. #


You could see an orc priest and 2 orcs.

Vanquished Creatures
  A worker ant (D:2)
  2 adders (D:2)
  An ooze (D:3)
  3 worms
  An orc (D:3)
  3 giant cockroaches
  5 goblins
  A hobgoblin (D:2)
  5 bats
  8 frilled lizards
  8 kobolds
  5 rats (D:1)
43 creatures vanquished.

Notes
Turn   | Place    | Note
-------+----------+-------------------------------------------
     0 | D:1      | literoy the Troll Berserker began the quest for the Orb.
     0 | D:1      | Reached XP level 1. HP: 22/22 MP: 0/0
   536 | D:1      | Reached XP level 2. HP: 29/29 MP: 1/1
   696 | D:1      | Found a sparkling altar of Nemelex Xobeh.
  1022 | D:2      | Reached XP level 3. HP: 32/36 MP: 2/2
  1039 | D:2      | Reached ** piety under Trog
  1641 | D:2      | Reached XP level 4. HP: 43/44 MP: 3/3
  2676 | D:4      | HP: 2/44 [orc/war axe (2)]
  2676 | D:4      | Slain by an orc

Skill      XL: |  1  2  3 |
---------------+----------+-----
Maces & Flails | 3 |  3.7
Dodging        | 3 |  3.2
Fighting       | |  2.7
Staves         | |  0.1
Stealth        | |  0.2

Action                   |  1- 3 |  4- 6 || total
-------------------------+-------+-------++-------
Melee: Mace              |   105 |     8 ||   113
       Quarterstaff      |       |    26 ||    26
  Use: Scroll            |       |     2 ||     2
  Eat: Ration            |     1 |       ||     1
       Chunk             |    10 |     7 ||    17
Armor: Animal skin       |    57 |    14 ||    71
Dodge: Dodged            |    69 |    19 ||    88
